 Dungeon Crawl Stone Soup version 0.27-a0-1189-gb8eb6cee8e (webtiles) character file.

Game seed: 1897683191373209047

460 Sobieck the Cleaver (level 7, -10/57 HPs)
             Began as a Hill Orc Fighter on May 22, 2021.
             Was a Believer of Dithmenos.
             Mangled by Duvessa
             ... wielding a +0 short sword
              (12 damage)
             ... on level 4 of the Dungeon.
             The game lasted 00:06:00 (4560 turns).

Sobieck the Cleaver (Hill Orc Fighter)              Turns: 4560, Time: 00:06:01

Health: -10/57     AC:  7    Str: 21    XL:     7   Next: 7%
Magic:  7/7        EV: 11    Int:  8    God:    Dithmenos [**....]
Gold:   163        SH:  9    Dex: 10    Spells: 6/6 levels left

rFire    . . .     SeeInvis .   a - +0 war axe {axe}
rCold    + . .     Faith    .   c - +0 kite shield
rNeg     . . .     Spirit   .   s - +1 scale mail
rPois    .         Reflect  .   (no helmet)
rElec    .         Harm     .   (no cloak)
rCorr    .         Rampage  .   (no gloves)
Will     .....                  (no boots)
Stlth    ..........             (no amulet)
HPRegen  0.19/turn              l - ring of protection from cold
MPRegen  0.10/turn              v - +4 ring of evasion

@: mighty, wreathed by umbra
A: no striking features
a: Renounce Religion, Shadow Step


You were on level 4 of the Dungeon.
You worshipped Dithmenos.
Dithmenos was pleased with you.
You visited 1 branch of the dungeon, and saw 4 of its levels.

You collected 163 gold pieces.


   Skills:
 - Level 3.6 Fighting
 + Level 9.7 Axes
 - Level 3.2 Armour
 - Level 3.2 Shields


You had 6 spell levels left.
You didn't know any spells.
Your spell library contained the following spells:

 Spells                   Type           Power      Damage    Failure   Level
 Foxfire                  Conj/Fire      0%         2x1d4     99%         1
 Conjure Flame            Conj/Fire      0%         6-21      100%        3
 Inner Flame              Hex/Fire       0%         N/A       100%        3
 Sticky Flame             Conj/Fire      0%         2d3       100%        4
 Fireball                 Conj/Fire      0%         3d3       100%        5

Inventory:

Hand Weapons
 a - a +0 war axe (weapon) {axe}
 b - a +0 hunting sling {sling}
   (You found it on level 2 of the Dungeon)
 d - a +1 spear of venom {polearm}
   (You took it off a gnoll on level 1 of the Dungeon)
 f - a +0 whip of venom {mace}
   (You took it off a gnoll on level 2 of the Dungeon)
 q - a +0 flail {mace}
   (You took it off Terence on level 2 of the Dungeon)
 w - a +0 morningstar {mace}
   (You took it off an orc priest on level 3 of the Dungeon)
 z - a +0 short sword of holy wrath {short}
   (You took it off a kobold on level 3 of the Dungeon)
Missiles
 e - 7 boomerangs (quivered) {throwing}
 h - 21 sling bullets
 k - 214 stones {throwing}
 n - 2 atropa-tipped darts {throwing}
 t - 28 bolts
 y - 16 arrows
Armour
 c - a +0 kite shield (worn)
 s - a +1 scale mail (worn)
Jewellery
 l - a ring of protection from cold (left hand)
   (You found it on level 1 of the Dungeon)
 v - a +4 ring of evasion (right hand)
   (You took it off a hobgoblin on level 3 of the Dungeon)
Wands
 m - a wand of iceblast (9)
   (You found it on level 4 of the Dungeon)
Scrolls
 i - a scroll of fear
 j - 2 scrolls of teleportation {@r4}
Potions
 o - a potion of magic {unknown}
 p - a potion of lignification {!q}
 r - a potion of invisibility
 x - a potion of heal wounds {@q2}

Dungeon Overview and Level Annotations

Branches:
Dungeon (4/15)
 Temple: D:4-7

Altars:
Dithmenos
Xom

Shops:
D:1 ?   D:3 *

Annotations:
D:4 2 runed translucent doors, Duvessa

............#.......
....................
#.........##........
#........###........
#........###........
#......###..........
##....)....#....... ..
#........###....## #..
#....@.#(.# ....# #.>
#.##.e.....#......##..
.. ##...........#..#..
$ .S.)...#....# ....
........#... ....
#.......## .. .. #.
#........ ..##.
##..#....# .....
.......


You could see Duvessa (berserk) and a ball python.


Message History

You slash Menkaure!
You block Menkaure's attack. x2 😨 HP[+1]
You slash Menkaure! Menkaure closely misses you. Menkaure barely misses you.
You hit Menkaure but do no damage. Menkaure casts a spell at you.
Pain shoots through your body!
* * * LOW HITPOINT WARNING * * *
😱 HP[-13]
You take 13 damage, and now have 8/51 hp.
MASSIVE DAMAGE!! (PAUSE)
You hit Menkaure but do no damage. You block Menkaure's attack. x2
You barely miss Menkaure.
Menkaure calls on the powers of darkness!
Your body is wracked with pain!
* * * LOW HITPOINT WARNING * * *
😱 HP[-2]
You take 2 damage, and now have 6/51 hp.
You slash Menkaure!
You destroy Menkaure!
Dithmenos accepts your kill.
Your Axes skill increases to level 9!
You start resting.
The kobold shouts! 😎 HP[+45]
Your hp is fully restored (51).
Unknown command.
Found a stone staircase leading down.
t - 28 bolts Dowan, Brother of Duvessa comes into view.
He is wielding a +0 dagger.
Dowan hits you but does no damage.
You barely miss Dowan.
Dowan points at you and mumbles some strange words.
You resist with some effort.
You closely miss Dowan.
Dowan points at you and mumbles some strange words.
You resist with some effort.
You hit Dowan.
Dowan drinks a potion.
Dowan seems to speed up.
Dowan closely misses you.
You completely miss Dowan.
Dowan casts a spell.
Dowan blinks!
Unknown command.
You block Dowan's attack.
You barely miss Dowan. You block Dowan's attack. Dowan casts a spell at you.
The puff of frost hits you. You resist. 😕 HP[-2]
You take 2 damage, and now have 49/51 hp.
You slash Dowan! Dowan hits you with a +0 dagger.
Dowan closely misses you. 😕 HP[-2]
You take 2 damage, and now have 47/51 hp.
Unknown command.
You barely miss Dowan. Dowan hits you with a +0 dagger.
Dowan misses you. 😕 HP[-3]
You take 3 damage, and now have 44/51 hp.
You slash Dowan!
You kill Dowan!
Dithmenos accepts your kill.
You hear a distant scream of rage.
Duvessa, Sister of Dowan comes into view.
She is wielding a +0 short sword.
You have reached level 7! 😕 HP[+5] MP[+1]
You now have 57 max hp (+6).
You regained 5 hp, and now have 49/57 hp.
Your mp is fully restored (7).
You feel very mighty all of a sudden.
Duvessa goes berserk!
You hear an angry hiss.
Duvessa misses you.
You slash Duvessa! You block Duvessa's attack.
Duvessa hits you with a +0 short sword! 😮 HP[-10]
You take 10 damage, and now have 39/57 hp.
You barely miss Duvessa. You block Duvessa's attack.
Duvessa hits you with a +0 short sword!
* * * LOW HITPOINT WARNING * * *
😨 HP[-16]
You take 16 damage, and now have 23/57 hp.
MASSIVE DAMAGE!! (PAUSE)
You slice Duvessa!! You block Duvessa's attack.
A ball python comes into view.
Duvessa hits you with a +0 short sword.
* * * LOW HITPOINT WARNING * * *
😨 HP[-2]
You take 2 damage, and now have 21/57 hp.
You closely miss Duvessa.
The ball python hisses angrily.
Duvessa closely misses you. Duvessa hits you with a +0 short sword!
* * * LOW HITPOINT WARNING * * *
😱 HP[-11]
You take 11 damage, and now have 10/57 hp.
You hit Duvessa. Duvessa hits you with a +0 short sword!
* * * LOW HITPOINT WARNING * * *
You block Duvessa's attack. 😱 HP[-8]
You take 8 damage, and now have 2/57 hp.
Unknown command.
You slash Duvessa! Duvessa hits you with a +0 short sword!
You die...

Skill      XL: |  1  2  3  4  5  6 |
---------------+-------------------+-----
Axes           | 3 4 5 6 8 9 |  9.7
Fighting       | |  3.6
Armour         | |  3.2
Shields        | |  3.2

Action                   |  1- 3 |  4- 6 |  7- 9 || total
-------------------------+-------+-------+-------++-------
Melee: War axe           |    54 |   167 |     6 ||   227
 Fire: Hunting sling     |       |     3 |       ||     3
Throw: Boomerang         |       |     4 |       ||     4
  Use: Potion            |     2 |       |     1 ||     3
       Scroll            |       |     8 |       ||     8
Armor: Scale mail        |    34 |    38 |       ||    72
Dodge: Dodged            |    20 |    77 |     2 ||    99
Block: Kite shield       |    36 |    80 |     4 ||   120

Levels and vault maps discovered:
D:1:      dpeg_arrival_boxorama, layout_basic, serial_shops,
          nicolae_shop_waterfront, minmay_tetromino_i4
D:2:      layout_basic, shapermc_ecumenical_altar_hornbeckon, minmay_quantized,
          uniq_terence
D:3:      layout_basic, serial_shops, shop, serial_corexii_hall,
          corexii_hall_statues_t, corexii_hall_statues_s, corexii_corridor_pit,
          grunt_ministairs_13, uniq_jessica
D:4:      due_chaos_kobolds, layout_cave_pools, uniq_menkaure, uniq_duvessa

Notes
Turn   | Place    | Note
-------+----------+-------------------------------------------
     0 | D:1      | Sobieck the Hill Orc Fighter began the quest for the Orb.
     0 | D:1      | Reached XP level 1. HP: 19/19 MP: 1/1
     0 | D:1      | magus.rc [v1.9.6]
    43 | D:1      | Reached skill level 3 in Axes
    78 | D:1      | Reached XP level 2. HP: 26/26 MP: 2/2
   303 | D:2      | Reached skill level 4 in Axes
   469 | D:2      | Reached XP level 3. HP: 26/31 MP: 3/3
   473 | D:1      | HP: 7/31 [gnoll/+1 spear of venom (7)]
   474 | D:1      | HP: 2/31 [poisoned by a gnoll]
   479 | D:1      | Reached skill level 5 in Axes
   481 | D:1      | HP: 7/31 [poisoned by a gnoll]
   923 | D:1      | Found Ankamepu's Magic Scroll Emporium.
  1154 | D:2      | Reached XP level 4. HP: 39/39 MP: 4/4
  1538 | D:2      | Reached skill level 6 in Axes
  1553 | D:2      | Noticed Terence
  1562 | D:2      | Killed Terence
  2021 | D:2      | Reached XP level 5. HP: 14/45 MP: 5/5
  2022 | D:2      | HP: 10/45 [poisoned by an adder]
  2027 | D:2      | HP: 5/45 [poisoned by an adder]
  2483 | D:2      | Found a faded altar of an unknown god.
  2489 | D:2      | Became a worshipper of Dithmenos the Shadowed
  2489 | D:2      | Reached * piety under Dithmenos
  2533 | D:3      | You pick up a book of Flames and begin reading...
  2533 | D:3      | You add the spells Foxfire, Conjure Flame, Inner Flame,
                  | Sticky Flame and Fireball to your library.
  2558 | D:3      | Found Qoadd's General Store.
  2677 | D:3      | Noticed Jessica
  2678 | D:3      | Reached skill level 7 in Axes
  2682 | D:3      | Killed Jessica
  2793 | D:3      | Reached skill level 8 in Axes
  2797 | D:3      | Reached XP level 6. HP: 14/51 MP: 6/6
  3193 | D:3      | Reached ** piety under Dithmenos
  4229 | D:4      | Found a large runed translucent door.
  4229 | D:4      | Found a large runed translucent door.
  4241 | D:4      | Found a shimmering altar of Xom.
  4244 | D:4      | Noticed Menkaure
  4257 | D:4      | HP: 8/51 [Menkaure/nerve-wracking pain (13)]
  4260 | D:4      | Killed Menkaure
  4261 | D:4      | Reached skill level 9 in Axes
  4538 | D:4      | Noticed Dowan
  4552 | D:4      | Killed Dowan
  4552 | D:4      | Noticed Duvessa
  4553 | D:4      | Reached XP level 7. HP: 49/57 MP: 7/7
  4558 | D:4      | HP: 10/57 [Duvessa/+0 short sword (11)]
  4559 | D:4      | HP: 2/57 [Duvessa/+0 short sword (9)]
  4560 | D:4      | Mangled by Duvessa

Vanquished Creatures
  Menkaure (D:4)
  Dowan (D:4)
  An orc priest (D:3)
  Jessica (D:3)
  Terence (D:2)
  A centaur skeleton (D:3)
  6 gnolls
  5 adders
  A worm (D:4)
  An adder skeleton (D:3)
  A dart slug (D:2)
  11 orcs
  5 bats
  4 endoplasms
  3 goblins
  10 hobgoblins
  3 quokkas
  4 ball pythons
  4 frilled lizards
  9 kobolds
  3 rats
76 creatures vanquished.

Table legend:
 A = Non-vault XP
 B = Vault XP
 C = Vault XP percentage of total XP
 D = Non-vault monster count
 E = Vault monster count
 F = Vault count percentage of total count
                 A         B        C        D         E       F
            +---------+---------+-------+---------+---------+-------
      Total |     319 |     339 |  51.5 |      61 |      15 |  19.7
            +---------+---------+-------+---------+---------+-------
        D:1 |      44 |       7 |  13.7 |      13 |       4 |  23.5
        D:2 |      69 |      58 |  45.7 |      12 |       7 |  36.8
        D:3 |     183 |      38 |  17.2 |      32 |       2 |   5.9
        D:4 |      23 |     236 |  91.1 |       4 |       2 |  33.3
            +---------+---------+-------+---------+---------+-------

Illustrated notes

Table legend:
 A = Kills in this place as a percentage of kills in entire the game.
 B = Kills by you in this place as a percentage of kills by you in the entire game.
 C = Kills by friends in this place as a percentage of kills by friends in the entire game.
 D = Other kills in this place as a percentage of other kills in the entire game.
 E = Experience gained in this place as a percentage of experience gained in the entire game.
 F = Experience gained in this place divided by the number of levels of this place that you have seen.
                   A       B       C       D       E      F
               +-------+-------+-------+-------+-------+----------------------
         Total | 100.0 | 100.0 |   N/A |   N/A | 100.0 | 164.5
       Dungeon | 100.0 | 100.0 |   N/A |   N/A | 100.0 | 164.5
               +-------+-------+-------+-------+-------+----------------------

Table legend: (Time is in decaauts)
 A = Elapsed time spent in this place.
 B = Non-inter-level travel time spent in this place.
 C = Inter-level travel time spent in this place.
 D = Time resting spent in this place.
 E = Time spent auto-exploring this place.
 F = Levels seen in this place.
 G = Mean time per level.
                   A        B        C        D        E       F      G
               +--------+--------+--------+--------+--------+-----+--------+
         Total |   4670 |   4470 |    200 |   1022 |   2858 |   4 | 1167.5 |
       Dungeon |   4670 |   4470 |    200 |   1022 |   2858 |   4 | 1167.5 |
               +--------+--------+--------+--------+--------+-----+--------+

Top non-repeatable levels by time:
     D:3: 1566 daAuts
     D:2: 1514 daAuts
     D:1: 1069 daAuts
     D:4: 520 daAuts
